 Dungeon Crawl Stone Soup version 0.31-a0-728-g01b46875f1 (webtiles) character file.

Game seed: 9339862933025856026

98464 Goober42 the Thaumaturge (level 15, -11/96 HPs)
             Began as a Deep Elf Conjurer on Sept 11, 2023.
             Was the Champion of Dithmenos.
             Mangled by a reaper
             ... wielding a +2 scythe of freezing
              (40 damage)
             ... in an ice cave.
             The game lasted 00:59:10 (29584 turns).

Goober42 the Thaumaturge (Deep Elf Conjurer)       Turns: 29584, Time: 00:59:11

Health: -11/96     AC: 18    Str: 10    XL:     15   Next: 74%
Magic:  0/43       EV: 18    Int: 27    God:    Dithmenos [******]
Gold:   2477       SH:  0    Dex: 15    Spells: 4/40 levels left

rFire   . . .        E - +3 great sword of Plunder {spect, rElec rCorr MP+9}
rCold   . . .        (shield currently unavailable)
rNeg    . . .        R - +1 robe of Distant Shores {Str+4 Stlth+}
rPois   .            z - +1 hat
rElec   +            y - +2 cloak
rCorr   +            h - +2 pair of gloves
SInv    .            D - +2 pair of boots
Will    +....        Z - amulet of magic regeneration
Stlth   ++++++++++   d - ring of wizardry
HPRegen 0.36/turn    s - +4 ring of protection
MPRegen 0.68/turn

%: clarity, wizardry (x1)
@: animating dead, wreathed by umbra, studying Ice Magic
A: clarity, MP-powered wands
a: Renounce Religion, Shadow Step, Shadow Form


You were in an ice cave.
You worshipped Dithmenos.
Dithmenos was exalted by your worship.
You visited 5 branches of the dungeon, and saw 24 of its levels.
You also visited: Ossuary, Bailey and Ice Cave.

You collected 2815 gold pieces.
You spent 338 gold pieces at shops.

Inventory:

Hand Weapons
 x - a +1 short sword of electrocution
 E - the +3 great sword of Plunder (weapon) {spect, rElec rCorr MP+9}
   (You took it off a gnoll on level 7 of the Dungeon)

   rElec:     It insulates you from electricity.
   MP+9:      It affects your magic capacity (+9).
   rCorr:     It protects you from acid and corrosion.
Missiles
 G - a throwing net
Armour
 h - a +2 pair of gloves (worn)
 j - a +0 robe of resistance
 y - a +2 cloak (worn)
 z - a +1 hat (worn)
 D - a +2 pair of boots (worn)
 R - the +1 robe of Distant Shores (worn) {Str+4 Stlth+}
   (You found it on level 10 of the Dungeon)

   Str+4:     It affects your strength (+4).
   Stlth+:    It makes you more stealthy.
Jewellery
 d - a ring of wizardry (left hand)
 k - a ring of poison resistance
 p - a +4 ring of protection
 s - a +4 ring of protection (right hand)
 M - an amulet of guardian spirit
 P - a +6 ring of dexterity
 X - a +6 ring of dexterity
 Z - an amulet of magic regeneration (around neck)
Wands
 q - a wand of charming (18)
 H - a wand of mindburst (11)
 O - a wand of flame (7)
 S - a wand of roots (18)
Scrolls
 a - a scroll of revelation
 b - 3 scrolls of vulnerability
 l - a scroll of teleportation
 m - 3 scrolls of amnesia
 r - 2 scrolls of fog
 t - 4 scrolls of noise
 v - 4 scrolls of poison
 A - 2 scrolls of torment
 B - a scroll of silence
 K - 8 scrolls of enchant weapon
 L - a scroll of brand weapon
 N - 3 scrolls of fear
 U - 4 scrolls of immolation
 V - 6 scrolls of identify
 W - 3 scrolls of enchant armour
Potions
 c - 4 potions of might
 e - 2 potions of lignification
 f - 9 potions of curing
 g - 2 potions of enlightenment
 i - 5 potions of brilliance
 u - 6 potions of degeneration
 w - 2 potions of attraction
 F - 5 potions of berserk rage
 J - 2 potions of resistance
 Q - a potion of cancellation
 T - 3 potions of haste
 Y - 2 potions of mutation


   Skills:
 - Level 11.8 Fighting
 - Level 9.0 Long Blades
 - Level 6.0 Armour
 - Level 12.6 Dodging
 - Level 10.0 Stealth
 - Level 13.0 Spellcasting
 - Level 7.0 Conjurations
 - Level 4.0 Hexes
 + Level 2.8 Summonings
 + Level 6.9 Necromancy
 - Level 4.0 Translocations
 - Level 7.0 Fire Magic
 - Level 5.0 Ice Magic
 - Level 8.1 Air Magic
 - Level 5.0 Poison Magic
 - Level 5.0 Invocations


You had 4 spell levels left.
You knew the following spells:

 Your Spells              Type           Power      Damage    Failure   Level
a - Magic Dart            Conj           100%       1d8       1%          1
b - Searing Ray           Conj           100%       2d8       1%          2
c - Fulminant Prism       Conj/Hex       23%        3d12      1%          4
d - Iskenderun's Mystic   Conj/Tloc      47%        2d10      1%          4
e - Airstrike             Air            28%        2d(5-21)  1%          4
f - Animate Dead          Necr           53%        N/A       1%          4
g - Olgreb's Toxic Radia  Pois           44%        N/A       1%          4
h - Haunt                 Necr/Summ      22%        N/A       77%         7
i - Plasma Beam           Fire/Air       27%        2x1d40    9%          6

Your spell library contained the following spells:

 Spells                   Type           Power      Damage    Failure   Level
 Shock                    Conj/Air       100%       1d9       1%          1
 Sting                    Tmut/Pois      100%       1d8       1%          1
 Blink                    Tloc           78%        N/A       1%          2
 Lesser Beckoning         Tloc           78%        N/A       1%          2
 Momentum Strike          Conj/Tloc      94%        3d10      1%          2
 Poisonous Vapours        Pois/Air       100%       N/A       1%          2
 Call Canine Familiar     Summ           33%        N/A       1%          3
 Dazzling Flash           Conj/Hex       94%        N/A       1%          3
 Sigil of Binding         Hex            39%        N/A       1%          3
 Swiftness                Air            57%        N/A       1%          3
 Vhi's Electric Charge    Tloc/Air       100%       N/A       1%          4
 Dimensional Bullseye     Hex/Tloc       19%        N/A       2%          4
 Manifold Assault         Tloc           39%        N/A       2%          4
 Leda's Liquefaction      Hex/Erth       14%        N/A       6%          4
 Arcjolt                  Conj/Air       27%        1d37      1%          5
 Dispersal                Tloc           19%        N/A       34%         6
 Infestation              Necr           26%        N/A       99%         8
 Disjunction              Tloc           19%        N/A       100%        8


Dungeon Overview and Level Annotations

Branches:
Dungeon (15/15)            Temple (1/1) D:6            Lair (5/5) D:9
 Shoals (1/4) Lair:3       Spider (0/4) Lair:2        Slime (0/5) Lair:5
    Orc (2/2) D:10            Elf (0/3) Orc:2        Vaults (0/5) D:13
 Depths (0/4) D:15        Ossuary (visited)          Bailey (visited)
  IceCv (1/1)

Altars:
Ashenzari
Cheibriados
Dithmenos
Elyvilon
Fedhas
Gozag
Hepliaklqana
Kikubaaqudgha
Makhleb
Nemelex Xobeh
Okawaru
Qazlal
Ru
Sif Muna
Trog
Uskayaw
Vehumet
Wu Jian
Xom
Yredelemnul
Zin
The Shining One
Jiyva

Shops:
D:4 *   D:13 [   Orc:2 ***[*(

Annotations:
D:4 3 runed translucent doors, arthad's ghost, amateur TrSh
Temple 2 transporters


Innate Abilities, Weirdness & Mutations

You possess an exceptional clarity of mind.
You expend magic power (3 MP) to strengthen your wands.


Message History

Unknown command.
Casting: Iskenderun's Mystic Blast (mildly dangerous; 1% risk of failure)
Confirm with . or Enter, or press ? or * to list all spells.
You erupt in a blast of force!
The mystic blast hits the reaper but does no damage.
The reaper is moderately wounded.
The reaper hits you from afar with a +2 scythe of freezing!!
You emit a cloud of dark smoke.
The reaper freezes you.
* * * LOW HITPOINT WARNING * * *
Unknown command.
Casting: Iskenderun's Mystic Blast (mildly dangerous; 1% risk of failure)
Confirm with . or Enter, or press ? or * to list all spells.
You erupt in a blast of force!
The mystic blast hits the reaper.
The reaper is moderately wounded.
The mystic blast hits the minotaur simulacrum!
The minotaur simulacrum is heavily damaged.
The minotaur simulacrum is knocked back by the mystic blast.
The minotaur simulacrum slams into the ice covered rock wall!
The minotaur simulacrum is heavily damaged.
Unknown command.
Casting: Iskenderun's Mystic Blast (mildly dangerous; 1% risk of failure)
Confirm with . or Enter, or press ? or * to list all spells.
You erupt in a blast of force!
The mystic blast hits the minotaur simulacrum!
The minotaur simulacrum is almost destroyed.
The minotaur simulacrum is knocked back by the mystic blast.
The minotaur simulacrum slams into the ice covered rock wall!
The minotaur simulacrum is almost destroyed.
Unknown command.
Unknown command.
Casting: Iskenderun's Mystic Blast (mildly dangerous; 1% risk of failure)
Confirm with . or Enter, or press ? or * to list all spells.
You erupt in a blast of force!
The mystic blast hits the reaper but does no damage.
The reaper is moderately wounded.
The mystic blast hits the minotaur simulacrum!
The minotaur simulacrum vaporises!
Dithmenos accepts your kill.
The reaper hits you from afar with a +2 scythe of freezing!!!
You die...

##..∩..##
#.......#
#...∩...#
##.....##
##...##
#...##
##§§.#
##§§.#
##@§§##
#§§§##
#§2##
##..#
##...
..## ...
....
.....


You could see a reaper.

Vanquished Creatures
  Jorgrun (D:15)
  Rupert (D:15)
  Gastronok (D:8)
  An orc warlord (Orc:2)
  Josephine (D:15)
  A quicksilver dragon zombie (D:15)
  4 hydras (Lair:5)
  5 catoblepae
  A boulder beetle (D:15)
  6 centaur warriors
  2 two-headed ogres
  A death knight (D:14)
  8 death yaks
  A vampire mage (D:15)
  Urug (Orc:2)
  2 orc high priests (Orc:2)
  Sonja (D:11)
  2 skeletal warriors
  A golden dragon zombie (D:15)
  2 skysharks
  A bog body (Lair:1)
  An orb spider (shapeshifter) (D:13)
  2 spriggan simulacra (IceCv)
  2 wizards (D:13)
  2 deep elf pyromancers
  A necromancer (D:15)
  A lindwurm (Lair:2)
  2 orc knights
  A harpy (shapeshifter) (D:14)
  6 manticores
  2 orc sorcerers (Orc:2)
  6 cyclopes
  5 ugly things
  2 merfolk sirens (Shoals:1)
  Joseph (D:8)
  A fire giant skeleton (D:15)
  3 elephants (Lair:3)
  2 ice statues
  4 black mambas
  4 cane toads
  2 unseen horrors (D:11)
  A spriggan zombie (D:15)
  10 freezing wraiths
  2 rime drakes
  3 ice devils
  An anaconda simulacrum (IceCv)
  10 komodo dragons
  4 tengu conjurers (D:14)
  2 trolls
  6 polar bears
  A wind drake (Lair:3)
  A tarantella (shapeshifter) (D:14)
  4 blink frogs
  2 hornets
  A blink frog (shapeshifter) (D:13)
  2 snapping turtles (Shoals:1)
  6 dream sheep (Lair:5)
  A culicivora (shapeshifter) (D:15)
  2 wyverns
  A black mamba zombie (Lair:5)
  A slime creature zombie (D:13)
  6 wraiths
  27 yaks
  23 slime creatures
  A shadow (D:11)
  2 basilisks
  A water elemental (Shoals:1)
  A redback (Lair:2)
  11 vampire mosquitoes
  4 wargs
  3 minotaur simulacra (IceCv)
  A cane toad zombie (Lair:1)
  3 acid dragons
  9 water moccasins
  A hydra simulacrum (IceCv)
  Duvessa (D:6)
  43 orc warriors
  7 ice beasts
  A black bear (D:6)
  A sky beast (D:8)
  A dream sheep zombie (Lair:5)
  An elephant zombie (Lair:3)
  A blink frog zombie (Lair:5)
  2 ogres
  15 wolves
  13 centaurs
  3 kobold brigands
  7 bullfrogs
  3 gnoll sergeants
  19 scorpions
  A deep troll simulacrum (IceCv)
  11 wights
  A hornet simulacrum (D:14)
  Dowan (D:6)
  An elephant simulacrum (Lair:1)
  9 killer bees
  An electric eel (Lair:1)
  3 howler monkeys (D:11)
  2 wolf zombies (Lair:5)
  3 hounds
  2 quasits (D:4)
  Crazy Yiuf (D:5)
  2 human zombies (Ossuary)
  19 orc priests
  2 iguanas (D:5)
  A sleepcap (D:6)
  Jessica (D:15)
  Ijyb (D:3)
  5 hell rats (Lair:5)
  Natasha (thrice) (D:3)
  7 scorpion zombies (Ossuary)
  25 orc wizards
  A troll simulacrum (Lair:1)
  An ogre zombie (Orc:2)
  3 mummies (Ossuary)
  7 adders
  13 gnolls
  A naga simulacrum (Lair:1)
  5 river rats (Lair:5)
  4 shadow imps (D:4)
  4 white imps
  2 ufetubi (D:4)
  A worm (D:2)
  2 dart slugs
  82 orcs
  6 ball pythons
  10 endoplasms
  9 giant cockroaches
  5 gnoll zombies
  12 goblins
  7 hobgoblins
  6 jackals
  23 kobolds
  4 quokkas
  2 bats
  2 frilled lizards
  2 goblin zombies (Ossuary)
  3 hobgoblin zombies (Ossuary)
  4 kobold zombies
  5 orc zombies
  10 rats
  A rat zombie (D:6)
  2 butterflies (D:10)
707 creatures vanquished.

Vanquished Creatures (collateral kills)
  A boulder beetle (D:13)
  A hydra (Lair:5)
  A catoblepas (Lair:5)
  A two-headed ogre (D:11)
  An orc high priest (Orc:2)
  An ugly thing (D:15)
  2 manticores
  An elephant (Lair:3)
  A black mamba (Lair:2)
  3 cane toads
  2 rime drakes
  3 komodo dragons
  An ice devil (Lair:1)
  A troll (D:13)
  4 dream sheep (Lair:5)
  3 blink frogs
  A wyvern (Lair:3)
  3 slime creatures
  A wraith (D:11)
  2 shadows
  11 yaks
  2 vampire mosquitoes
  5 water moccasins
  An orc warrior (Bailey)
  An ice beast (D:7)
  2 black bears
  8 wolves
  2 bullfrogs
  A scorpion (D:10)
  4 wights
  4 jellies
  An orc priest (Orc:2)
  An iguana (D:7)
  An orc wizard (Orc:2)
  2 gnolls
  2 river rats (Lair:5)
  4 orcs
  A kobold (D:8)
87 creatures vanquished.

Vanquished Creatures (others)
  An orb spider zombie (D:13)
  A hydra zombie (Lair:5)
  2 black mamba zombies (Lair:2)
  6 slime creature zombies
  A skyshark zombie (Lair:2)
  A two-headed ogre zombie (D:9)
  An elf zombie (D:12)
  4 blink frog zombies
  2 elephant zombies (Lair:3)
  9 dream sheep zombies (Lair:5)
  A rime drake zombie (Lair:5)
  3 vampire mosquito zombies
  3 water moccasin zombies
  2 yak zombies
  A polar bear zombie (Lair:1)
  12 wolf zombies
  2 centaur zombies
  3 killer bee zombies (D:7)
  An acid dragon zombie (D:10)
  2 howler monkey zombies (D:11)
  A jelly zombie (Lair:5)
  4 gnoll zombies
  A river rat zombie (Lair:5)
  5 kobold zombies
  23 orc zombies
  9 fulminant prisms
  5 spectral weapons
106 creatures vanquished.

Grand Total: 900 creatures vanquished

Notes
Turn   | Place    | Note
-------+----------+-------------------------------------------
     0 | D:1      | Goober42 the Deep Elf Conjurer began the quest for the Orb.
     0 | D:1      | Reached XP level 1. HP: 10/10 MP: 6/6
   185 | D:1      | Reached XP level 2. HP: 15/15 MP: 6/8
   734 | D:1      | Learned a level 2 spell: Searing Ray
   822 | D:2      | Reached XP level 3. HP: 19/19 MP: 6/10
  1168 | D:2      | Reached skill level 4 in Spellcasting
  1202 | D:2      | Reached skill level 5 in Conjurations
  1871 | D:3      | Reached XP level 4. HP: 20/24 MP: 7/12
  2044 | D:3      | Found a shadowy altar of Dithmenos.
  2044 | D:3      | Found a hide-covered altar of Uskayaw.
  2045 | D:3      | Noticed Natasha
  2053 | D:3      | Killed Natasha
  2054 | D:3      | Reached skill level 5 in Spellcasting
  2062 | D:3      | Became a worshipper of Dithmenos the Shadowed
  2195 | D:3      | Noticed Ijyb
  2213 | D:3      | Killed Ijyb
  2219 | D:3      | Learned a level 4 spell: Fulminant Prism
  2224 | D:3      | Learned a level 4 spell: Iskenderun's Mystic Blast
  2245 | D:3      | Noticed Natasha
  2251 | D:3      | Killed Natasha
  2252 | D:3      | Reached skill level 6 in Spellcasting
  2252 | D:3      | Reached XP level 5. HP: 28/28 MP: 0/15
  2312 | D:3      | Noticed Natasha
  2319 | D:3      | Killed Natasha
  2320 | D:3      | Reached skill level 1 in Hexes
  2320 | D:3      | Reached skill level 1 in Translocations
  2493 | D:3      | Found a faded altar of an unknown god.
  3092 | D:4      | Found a runed translucent gate.
  3093 | D:4      | Found a runed translucent gate.
  3093 | D:4      | Noticed arthad's ghost (amateur TrSh)
  3094 | D:4      | Found a runed translucent gate.
  3125 | D:4      | Found Alapn's Gadget Gallery.
  3352 | D:4      | Reached XP level 6. HP: 32/32 MP: 10/17
  3357 | D:4      | Learned a level 4 spell: Airstrike
  3458 | D:4      | Reached * piety under Dithmenos
  3460 | D:4      | Reached skill level 7 in Spellcasting
  3721 | D:4      | HP: 1/32 [poisoned by a kobold brigand]
  3956 | D:4      | Reached XP level 7. HP: 36/36 MP: 13/20
  4149 | D:5      | Entered Level 5 of the Dungeon
  4185 | D:5      | Reached skill level 8 in Spellcasting
  4189 | D:5      | Reached skill level 1 in Air Magic
  4445 | D:5      | Noticed a hornet
  4451 | D:5      | Killed a hornet
  4452 | D:5      | Reached skill level 9 in Spellcasting
  4651 | D:5      | Reached XP level 8. HP: 35/41 MP: 15/23
  5162 | D:5      | Found a runed translucent door.
  5163 | D:5      | Noticed Crazy Yiuf
  5450 | D:5      | Killed Crazy Yiuf
  5563 | D:6      | Reached ** piety under Dithmenos
  5565 | D:6      | Found a sand-covered staircase.
  5577 | Ossuary  | Entered an ossuary
  5818 | Ossuary  | Reached skill level 10 in Spellcasting
  6067 | Ossuary  | Reached skill level 5 in Stealth
  6068 | Ossuary  | Reached skill level 5 in Dodging
  6068 | Ossuary  | Reached XP level 9. HP: 45/45 MP: 9/25
  6519 | Ossuary  | Identified a scroll of acquirement
  6520 | Ossuary  | Acquired 559 gold pieces
  6801 | D:6      | Reached skill level 5 in Air Magic
  6933 | D:6      | Noticed Duvessa
  6933 | D:6      | Noticed Dowan
  6938 | D:6      | Killed Dowan
  6941 | D:6      | Killed Duvessa
  7221 | D:6      | Reached skill level 11 in Spellcasting
  7698 | D:6      | Found a staircase to the Ecumenical Temple.
  7799 | Temple   | Found a transporter.
  7799 | Temple   | Found a transporter.
  7799 | Temple   | Found a transporter.
  7799 | Temple   | Found a transporter.
  7799 | Temple   | Entered the Ecumenical Temple
  7938 | D:6      | Learned a level 4 spell: Animate Dead
  7941 | D:7      | Reached *** piety under Dithmenos
  7946 | D:7      | Reached skill level 1 in Necromancy
  8097 | D:7      | Identified the +3 great sword of Plunder {spect, rElec
                  | rCorr MP+9}
  8156 | D:7      | Reached skill level 5 in Necromancy
  8330 | D:7      | Reached skill level 1 in Long Blades
  8487 | D:7      | Reached skill level 1 in Fighting
  8713 | D:7      | Learned a level 4 spell: Olgreb's Toxic Radiance
  8744 | D:7      | Reached **** piety under Dithmenos
  9062 | D:7      | Reached XP level 10. HP: 47/53 MP: 27/27
  9176 | D:8      | Noticed Gastronok
  9186 | D:8      | Killed Gastronok
  9227 | D:8      | Noticed Joseph
  9228 | D:8      | Noticed a cyclops
  9334 | D:8      | Killed a cyclops
  9335 | D:8      | Reached skill level 5 in Fighting
  9343 | D:8      | Killed Joseph
  9537 | D:8      | Found a flagged portal.
  9551 | Bailey   | Entered a bailey
 10992 | D:9      | Noticed a two-headed ogre
 11000 | D:9      | Killed a two-headed ogre
 11001 | D:9      | Reached skill level 1 in Poison Magic
 11001 | D:9      | Reached XP level 11. HP: 51/64 MP: 6/28
 11175 | D:9      | Found a staircase to the Lair.
 11193 | D:9      | Reached ***** piety under Dithmenos
 11641 | D:9      | Learned a level 2 spell: Poisonous Vapours
 11746 | D:9      | Found a blossoming altar of Fedhas.
 11839 | D:10     | Entered Level 10 of the Dungeon
 12141 | D:10     | Identified the +1 robe of Distant Shores {Str+4 Stlth+}
 12224 | D:10     | Found a staircase to the Orcish Mines.
 12226 | D:10     | Reached skill level 5 in Poison Magic
 12433 | D:10     | Found a runed translucent door.
 12435 | D:10     | Found a runed translucent door.
 13265 | D:11     | Noticed Sonja
 13270 | D:11     | Killed Sonja
 13631 | D:11     | Noticed a two-headed ogre
 13638 | D:11     | Killed a two-headed ogre
 14134 | D:12     | Noticed a deep elf pyromancer
 14143 | D:12     | Killed a deep elf pyromancer
 14637 | D:12     | Reached XP level 12. HP: 66/72 MP: 27/29
 14642 | D:12     | Reached skill level 5 in Long Blades
 14717 | D:12     | Noticed a centaur warrior
 14725 | D:12     | Killed a centaur warrior
 14915 | Lair:1   | Entered Level 1 of the Lair of Beasts
 15431 | Lair:1   | Noticed a catoblepas
 15454 | Lair:1   | Killed a catoblepas
 15816 | Lair:1   | Reached skill level 10 in Dodging
 16588 | Lair:1   | Gained mutation: You are frail. (-10% HP) [potion of
                  | mutation]
 16589 | Lair:1   | Lost mutation: You are frail. (-10% HP) [potion of
                  | mutation]
 16589 | Lair:1   | Gained mutation: Your flesh is cold resistant. (rC+)
                  | [potion of mutation]
 16589 | Lair:1   | Gained mutation: Potions are less effective at restoring
                  | your health. [potion of mutation]
 16590 | Lair:1   | Lost mutation: Your flesh is cold resistant. (rC+) [potion
                  | of mutation]
 16590 | Lair:1   | Lost mutation: Potions are less effective at restoring your
                  | health. [potion of mutation]
 16590 | Lair:1   | Gained mutation: Your body sometimes deteriorates upon
                  | taking damage. [potion of mutation]
 16590 | Lair:1   | Gained mutation: Your flesh is cold resistant. (rC+)
                  | [potion of mutation]
 16591 | Lair:1   | Lost mutation: Your flesh is cold resistant. (rC+) [potion
                  | of mutation]
 16591 | Lair:1   | Lost mutation: Your body sometimes deteriorates upon taking
                  | damage. [potion of mutation]
 16591 | Lair:1   | Gained mutation: You expend magic power (3 MP) to
                  | strengthen your wands. [potion of mutation]
 16591 | Lair:1   | Gained mutation: You possess an exceptional clarity of
                  | mind. [potion of mutation]
 17300 | Lair:2   | Identified the +7 dagger of Jeul {freeze, rPois Dex+3}
 17312 | Lair:2   | Reached XP level 13. HP: 58/76 MP: 30/30
 17400 | Lair:2   | Learned a level 6 spell: Plasma Beam
 17440 | Lair:2   | Reached skill level 1 in Fire Magic
 17856 | Lair:2   | Found a hole to the Spider Nest.
 18264 | Lair:3   | Reached skill level 5 in Fire Magic
 18690 | Lair:3   | Found a staircase to the Shoals.
 19809 | Lair:4   | Reached skill level 10 in Stealth
 20315 | Lair:5   | Entered Level 5 of the Lair of Beasts
 20322 | Lair:5   | Reached ****** piety under Dithmenos
 20721 | Lair:5   | Reached skill level 12 in Spellcasting
 20729 | Lair:5   | Reached skill level 1 in Armour
 20777 | Lair:5   | Found a staircase to the Slime Pits.
 20802 | Lair:5   | Found a viscous altar of Jiyva.
 21147 | Lair:5   | Reached XP level 14. HP: 60/84 MP: 32/32
 22140 | Lair:5   | Identified the ring of Rilousot {*Slow Fly rN++ Int+3 SInv}
 22651 | Orc:1    | Entered Level 1 of the Orcish Mines
 23072 | Orc:2    | Entered Level 2 of the Orcish Mines
 23112 | Orc:2    | Found a staircase to the Elven Halls.
 23112 | Orc:2    | Found Saecoit's General Store.
 23114 | Orc:2    | Found Weozoed's Specific Store.
 23123 | Orc:2    | Bought a scroll of revelation for 120 gold pieces
 23476 | Orc:2    | Noticed Urug
 23488 | Orc:2    | Killed Urug
 23489 | Orc:2    | Reached skill level 10 in Fighting
 23791 | Orc:2    | Found Cuxuluse's General Store.
 23926 | Orc:2    | Found Yvvosm's Assorted Antiques.
 23934 | Orc:2    | Bought a scroll labelled QORGHO VOIL for 23 gold pieces
 24111 | Orc:2    | Noticed an orc warlord
 24123 | Orc:2    | Your ally Urug died
 24386 | Orc:2    | Killed an orc warlord
 24465 | Orc:2    | Found Weiti's Antique Armour Emporium.
 24467 | Orc:2    | Found Myskoedi's Antique Weapon Shoppe.
 24480 | Orc:2    | Bought a runed helmet for 195 gold pieces
 24973 | D:13     | Reached skill level 13 in Spellcasting
 25050 | D:13     | Reached skill level 1 in Invocations
 25563 | D:13     | Found a gate to the Vaults.
 25641 | D:13     | Found Enayjom's Armour Shoppe.
 25645 | D:13     | Reached skill level 5 in Invocations
 25962 | D:13     | Reached XP level 15. HP: 79/92 MP: 34/34
 26193 | D:14     | Found a shimmering altar of Xom.
 26208 | D:14     | Reached skill level 5 in Armour
 26783 | D:14     | Reached skill level 1 in Ice Magic
 27025 | D:14     | Reached skill level 5 in Ice Magic
 27525 | D:15     | Entered Level 15 of the Dungeon
 27839 | D:15     | Found a staircase to the Depths.
 27844 | D:15     | HP: 2/93 [spore (19)]
 27861 | D:15     | Noticed Jorgrun
 27872 | D:15     | Killed Jorgrun
 28485 | D:15     | Found a sparkling altar of Nemelex Xobeh.
 28485 | D:15     | Noticed Jessica
 28486 | D:15     | Killed Jessica
 28644 | D:15     | Noticed Josephine
 28653 | D:15     | Killed Josephine
 28809 | D:15     | Noticed Rupert
 28814 | D:15     | Killed Rupert
 29062 | D:15     | Learned a level 7 spell: Haunt
 29287 | Shoals:1 | Entered Level 1 of the Shoals
 29320 | Shoals:1 | Reached skill level 1 in Summonings
 29362 | Shoals:1 | Found a frozen archway.
 29365 | Shoals:1 | Noticed a kraken
 29367 | IceCv    | Entered an ice cave
 29584 | IceCv    | Mangled by a reaper

Illustrated notes

Levels and vault maps discovered:
D:1:      ebering_trefoil_3fold, layout_basic
D:2:      layout_basic
D:3:      layout_basic, grunt_temple_overflow_open, basic_ecumenical_altar,
          minmay_misc_feat_secret_circle, st_stairs_7, uniq_ijyb, uniq_natasha
D:4:      cheibrodos_thug_alley, layout_basic, serial_demonic, serial_demonic_b,
          serial_demonic_d, serial_demonic_e, serial_demonic_g,
          serial_demonic_d, serial_demonic_e, serial_demonic_c,
          gammafunk_ghost_nasty_kobolds, nicolae_shop_gadgets
D:5:      cheibrodos_helix_gallery, layout_basic, st_stairs_10,
          uniq_crazy_yiuf_cottage
D:6:      layout_basic, lemuel_temple_firewalk_b, enter_ossuary_3,
          roderic_lattice_a, uniq_duvessa
D:7:      layout_loops_ring
D:8:      nicolae_hitomezashi [nicolae_hito_row, nicolae_hito_row,
          nicolae_hito_row, nicolae_hito_row, nicolae_hito_row,
          nicolae_hito_row, nicolae_hito_row, nicolae_hito_row,
          nicolae_hito_row, nicolae_hito_row, nicolae_hito_row,
          nicolae_hito_row, nicolae_hito_row, nicolae_hito_row,
          nicolae_hito_row, nicolae_hito_row, nicolae_hito_row,
          nicolae_hito_row], layout_basic, enter_bailey_5, uniq_joseph,
          uniq_gastronok
D:9:      layout_gridville, fedhas_altar_4, dpeg_oklobed_lair
D:10:     lemuel_insect_pit, layout_loops_cross, david_orc_3
D:11:     layout_irregular_city, gauntlet_entry_generic, uniq_sonja
D:12:     layout_basic
D:13:     layout_gridville, david_vaults_1, serial_shops, shop,
          nicolae_two_hexagons
D:14:     layout_loops_corners, lemuel_tele_altar, solitary_fountain,
          ice2_lemuel
D:15:     gammafunk_depths_entry_grave, layout_irregular_city,
          nemelex_lonely_heart_becter, uniq_jorgrun, uniq_josephine, uniq_rupert
Temple:   hellmonk_temple_divided_pantheon
Lair:1:   dreamdust_isle_of_ice, layout_chaotic_city, beast_lair_carwin_2,
          serial_bayou_shore_a, infiniplex_staircase_pool, lemuel_fruit_tree
Lair:2:   layout_roguey, spider_nest_entry_rubble, enter_volcano_4,
          grunt_megastairs_3
Lair:3:   layout_chaotic_city, minmay_shoals_entry_beasts,
          chequers_serial_rivers_room_a, serial_bayou_shore_b,
          serial_bayou_shore_b
Lair:4:   beast_lair_carwin_large_2, layout_cave_pods,
          nicolae_quartered_pool_super
Lair:5:   evilmike_catoblepas_cave, layout_loops_ring,
          minmay_slime_entry_pillars, kennysheep_abandoned_house
Shoals:1: layout_shoals, portal_ice_cave_entry_pillars_2
Orc:1:    layout_diamond_mine
Orc:2:    grunt_orc_community_town_hall, layout_caves,
          grunt_orc_community_big_house_2, grunt_orc_community_big_house_1,
          grunt_orc_community_house_2, grunt_orc_community_house_3,
          grunt_orc_community_house_1, grunt_orc_community_house_2,
          abandoned_shop, nicolae_specific_store, mines1_david, uniq_urug
IceCv:    ice_cave_small_demon

Skill      XL: |  1  2  3  4  5  6  7  8  9 10 11 12 13 14 15 |
---------------+----------------------------------------------+-----
Stealth        | 3 5 7 10 | 10.0
Dodging        | 3 5 7 12 | 12.6
Spellcasting   | 4 6 7 9 10 11 12 13 | 13.0
Conjurations   | 5 7 |  7.0
Hexes          | 3 4 |  4.0
Translocations | 3 4 |  4.0
Air Magic      | 4 5 8 |  8.1
Necromancy     | 5 6 |  6.9
Long Blades    | 2 4 8 9 |  9.0
Fighting       | 2 6 7 8 10 11 | 11.8
Poison Magic   | 1 5 |  5.0
Fire Magic     | 7 |  7.0
Armour         | 3 4 6 |  6.0
Invocations    | 5 |  5.0
Ice Magic      | 5 |  5.0
Summonings     | 2 |  2.8

Action                     |  1- 3 |  4- 6 |  7- 9 | 10-12 | 13-15 || total
---------------------------+-------+-------+-------+-------+-------++-------
  Melee: Unarmed           |    13 |     1 |    13 |       |       ||    27
         Punch             |     1 |       |       |       |       ||     1
         Great sword       |       |       |     9 |   115 |   316 ||   440
         Short sword       |       |       |     1 |       |       ||     1
   Cast: Magic Dart        |    71 |   119 |   180 |   127 |    51 ||   548
         Searing Ray       |       |    11 |    13 |     7 |     2 ||    33
         Iskenderun's Myst |       |     1 |    23 |    44 |    55 ||   123
         Fulminant Prism   |       |     1 |     6 |     2 |       ||     9
         Airstrike         |       |       |    26 |    89 |   277 ||   392
         Animate Dead      |       |       |     4 |    21 |    18 ||    43
         Olgreb's Toxic Ra |       |       |     1 |    21 |    49 ||    71
         Poisonous Vapours |       |       |       |     7 |     2 ||     9
         Plasma Beam       |       |       |       |       |    41 ||    41
    Use: Scroll            |       |     1 |    13 |    16 |    17 ||    47
         Potion            |       |     1 |     2 |    14 |     5 ||    22
   Stab: Distracted        |       |       |       |     1 |     6 ||     7
         Invisible         |       |       |       |     1 |     1 ||     2
         Sleeping          |       |       |       |       |     3 ||     3
 Armour: Robe              |    11 |    23 |    85 |   171 |   329 ||   619
  Dodge: Dodged            |    13 |    31 |   102 |   198 |   415 ||   759

Table legend: (Time is in decaauts)
 A = Elapsed time spent in this place.
 B = Non-inter-level travel time spent in this place.
 C = Inter-level travel time spent in this place.
 D = Time resting spent in this place.
 E = Time spent auto-exploring this place.
 F = Levels seen in this place.
 G = Mean time per level.
                   A        B        C        D        E       F      G
               +--------+--------+--------+--------+--------+-----+--------+
         Total |  29821 |  28437 |   1384 |      0 |  24328 |  27 | 1104.5 |
       Dungeon |  18118 |  17154 |    964 |      0 |  14972 |  15 | 1207.9 |
        Temple |      1 |      1 |      0 |      0 |      0 |   1 |    1.0 |
          Lair |   7866 |   7588 |    278 |      0 |   6379 |   5 | 1573.2 |
        Shoals |     83 |     35 |     48 |      0 |      2 |   1 |   83.0 |
  Orcish Mines |   2084 |   1992 |     92 |      0 |   1657 |   2 | 1042.0 |
       Ossuary |    973 |    973 |      0 |      0 |    778 |   1 |  973.0 |
        Bailey |    474 |    474 |      0 |      0 |    376 |   1 |  474.0 |
      Ice Cave |    217 |    217 |      0 |      0 |    164 |   1 |  217.0 |
               +--------+--------+--------+--------+--------+-----+--------+

Top non-repeatable levels by time:
  Lair:5: 2217 daAuts
  Lair:1: 1851 daAuts
    D:14: 1690 daAuts
   Orc:2: 1553 daAuts
  Lair:2: 1448 daAuts
     D:6: 1439 daAuts
     D:5: 1374 daAuts
    D:13: 1363 daAuts
     D:7: 1328 daAuts
     D:4: 1325 daAuts
    D:15: 1302 daAuts
  Lair:3: 1192 daAuts
    D:11: 1167 daAuts
  Lair:4: 1157 daAuts
     D:9: 1129 daAuts
